 Dungeon Crawl Stone Soup version 0.16-a0-3940-gf8a207b (webtiles) character file.

41 abixa the Cudgeler (level 3, 36/36 HPs)
             Began as an Ogre Warper on Feb 7, 2015.
             Quit the game on level 2 of the Dungeon.
             The game lasted 00:03:56 (1330 turns).

abixa the Cudgeler (Ogre Warper)                    Turns: 1330, Time: 00:03:57

Health: 36/36      AC:  3    Str: 17    XL:     3   Next: 52%
Magic:  6/6        EV: 10    Int: 12    God:
Gold:   60         SH:  0    Dex:  9    Spells: 2 memorised, 3 levels left

rFire  . . .     SeeInvis .     a - +0 mace
rCold  . . .     Clarity  .     b - +0 robe
rNeg   . . .     SustAb   .     (shield restricted)
rPois  .         Gourm    .     (helmet restricted)
rElec  .         Spirit   .     (no cloak)
rCorr  .         Warding  .     (gloves unavailable)
rMut   .         Stasis   .     (boots unavailable)
MR     .....                    (no amulet)
Stlth  +.........               (no ring)
                                (no ring)

@: not resistant to hostile enchantments, very unstealthy
A: unfitting armour, tough skin 1
a: no special abilities


You were on level 2 of the Dungeon.
You were hungry.

You visited 1 branch of the dungeon, and saw 2 of its levels.

You collected 60 gold pieces.

Inventory:

Hand weapons
 a - a +0 mace (weapon)
Missiles
 e - 3 tomahawks of dispersal (quivered)
 j - 5 needles of paralysis
 k - 55 stones
 l - 8 tomahawks
 n - 22 arrows
Armour
 b - a +0 robe (worn)
Scrolls
 d - 2 scrolls of blinking
 h - 2 scrolls of identify {unknown}
 m - a scroll of enchant weapon {unknown}
 o - a scroll of fog {unknown}
 p - a scroll of fear {unknown}
Potions
 g - a potion of might {unknown}
 i - a potion of degeneration {unknown}
Books
 c - a book of Spatial Translocations

   Spells                             Type                      Level
   a - Apportation                    Translocation                1
   b - Blink                          Translocation                2
   c - Shroud of Golubria             Charms/Translocation         2
   d - Portal Projectile              Translocation                3
   e - Teleport Other                 Translocation                3
   f - Passage of Golubria            Translocation                4
Comestibles
 f - 2 meat rations


   Skills:
 - Level 2.6 Fighting
 + Level 5.0 Maces & Flails
 + Level 1.2 Throwing
 - Level 0.7 Armour
 - Level 1.7 Dodging
 - Level 2.4 Spellcasting
 - Level 2.1 Translocations


You had 3 spell levels left.
You knew the following spells:

 Your Spells              Type           Power        Failure   Level  Hunger
a - Apportation           Tloc           #.........   12%         1    ##.....
b - Blink                 Tloc           N/A          17%         2    ###....


Dungeon Overview and Level Annotations

Branches:
Dungeon (2/15)

Altars:


Innate Abilities, Weirdness & Mutations

You are too large for most types of armour.
You have tough skin (AC +1).


Message History

Do you wish to (r)edefine, (c)lear, or (a)bort?
Input macro action: f.
Created macro '2' => 'f.'.
You are feeling hungry.
Magic restored.
Found a stone staircase leading down.
An ooze comes into view.
The ooze quivers.
Throwing (i - inventory. (,) - cycle):
e - 5 tomahawks of dispersal (quivered)
Press: ? - help, Shift-Dir - straight line, f - ooze
Aim: an ooze You throw a tomahawk of dispersal.
The tomahawk of dispersal barely misses the ooze.
Throwing (i - inventory. (,) - cycle):
e - 4 tomahawks of dispersal (quivered)
Press: ? - help, Shift-Dir - straight line, f/p - ooze
Aim: an ooze You throw a tomahawk of dispersal.
The tomahawk of dispersal hits the ooze.
The ooze blinks!
Are you sure you want to abandon this character and quit the game? (Confirm with "yes".)

.........#.#
#######
#####......#
####.### #.#
..#######.#
.......#.# #
.....#.##.##....
.#.####..#.......#
......!.@.###.####
...####...# ..
#...... ...
......#.# ###
###.##..#.# #>
###ยง## #. . ## #


There were no monsters in sight!

Vanquished Creatures
  A giant mite (D:1)
  2 giant geckos (D:1)
  3 bats
  5 giant cockroaches (D:1)
  3 goblins (D:1)
  3 hobgoblins (D:1)
  8 giant newts (D:1)
  2 kobolds (D:1)
  8 rats (D:1)
35 creatures vanquished.

Notes
Turn   | Place    | Note
--------------------------------------------------------------
     0 | D:1      | abixa, the Ogre Warper, began the quest for the Orb.
     0 | D:1      | Reached XP level 1. HP: 22/22 MP: 3/3
    94 | D:1      | Reached skill level 3 in Maces & Flails
   137 | D:1      | Reached XP level 2. HP: 26/29 MP: 5/5
   147 | D:1      | Learned a level 2 spell: Blink
   218 | D:1      | HP: 1/29 [giant gecko (5)]
   536 | D:1      | Reached skill level 4 in Maces & Flails
   710 | D:1      | Reached XP level 3. HP: 34/36 MP: 6/6
  1141 | D:1      | Reached skill level 5 in Maces & Flails
  1330 | D:2      | Quit the game

Action                   || total
-------------------------++-------
Melee: Mace              ||   107
Throw: Tomahawk          ||     2
 Cast: Blink             ||     1
 Stab: Sleeping          ||     1
  Eat: Chunk             ||     1
